 Dungeon Crawl Stone Soup version 0.23-a0-119-ga86c9e7 (webtiles) character file.

8513 GrunderHorse the Spry (level 11, -1/60 HPs)
             Began as a Tengu Monk on Aug 24, 2018.
             Was a Priest of Vehumet.
             Killed by nerve-wracking pain
             ... invoked by an orc priest
              (8 damage)
             ... on level 10 of the Dungeon.
             The game lasted 00:28:58 (13053 turns).

GrunderHorse the Spry (Tengu Monk)                 Turns: 13053, Time: 00:28:58

Health: -1/60      AC:  9    Str: 11    XL:     11   Next: 32%
Magic:  9/12       EV: 31    Int: 11    God:    Vehumet [***...]
Gold:   531        SH:  0    Dex: 25    Spells: 1/10 levels left

rFire    . . .     SeeInvis .   K - +2 long sword (holy)
rCold    . . .     Gourm    .   (no shield)
rNeg     . . .     Faith    .   m - +1 acid dragon scales
rPois    .         Spirit   .   (helmet restricted)
rElec    .         Reflect  .   n - scarf {cloud immunity}
rCorr    +         Harm     .   (no gloves)
MR       .....                  (boots unavailable)
Stlth    ++........             (no amulet)
HPRegen  0.20/turn              v - +5 ring of dexterity
MPRegen  0.13/turn              C - ring of resist corrosion

@: flying quickly and evasively, quick
A: beak, talons 3, thin metallic scales 1, able to fly 1
a: Renounce Religion


You were on level 10 of the Dungeon.
You worshipped Vehumet.
Vehumet was most pleased with you.
You were not hungry.

You visited 3 branches of the dungeon, and saw 13 of its levels.

You collected 699 gold pieces.
You spent 168 gold pieces at shops.

Inventory:

Hand Weapons
 a - a +1 scimitar of flaming
 K - a +2 long sword of holy wrath (weapon)
 M - a +0 falchion of electrocution
Armour
 b - a +0 robe
 f - a +2 robe of fire resistance
 i - a +0 cloak
 m - +1 acid dragon scales (worn)
 n - a scarf of cloud immunity (worn)
 o - a +1 cloak
 p - a +2 animal skin
 y - a scarf of spirit shield
 H - a +0 troll leather armour
Jewellery
 v - a +5 ring of dexterity (left hand)
 C - a ring of resist corrosion (right hand)
Wands
 j - a wand of digging (19)
 q - a wand of flame (28)
 E - a wand of enslavement (4)
 L - a wand of iceblast (7)
Scrolls
 d - 4 scrolls of identify
 h - 2 scrolls of fear
 k - 4 scrolls of remove curse
 l - 5 scrolls of teleportation
 s - 3 scrolls of blinking
 A - 2 scrolls of enchant weapon
 D - 2 scrolls of amnesia
Potions
 e - a potion of lignification
 g - 2 potions of ambrosia
 u - a potion of agility
 x - a potion of resistance
 z - 3 potions of flight
 B - a potion of magic
Comestibles
 c - 20 rations


   Skills:
 - Level 3.0 Fighting
 - Level 3.2 Long Blades
 - Level 2.1 Armour
 - Level 15.0 Dodging
 - Level 2.0 Stealth
 + Level 8.9 Conjurations
 + Level 8.9 Air Magic


You had one spell level left.
You knew the following spells:

 Your Spells              Type           Power        Failure   Level  Hunger
a - Lightning Bolt        Conj/Air       ###.......   11%         5    ######.
b - Shock                 Conj/Air       ###.         1%          1    ##.....
d - Ignite Poison         Fire/Tmut/Pois #.......     36%         3    ####...

Your spell library contained the following spells:

 Spells                   Type           Power        Failure   Level  Hunger
 Static Discharge         Conj/Air       ###.....     1%          3    ####...
 Airstrike                Air            ###.......   4%          4    #####..
 Swiftness                Chrm/Air       #.......     13%         2    ###....


Dungeon Overview and Level Annotations

Branches:
Dungeon (11/15)            Temple (1/1) D:6            Lair (0/6) D:9
    Orc (1/2) D:10

Altars:
Ashenzari
Cheibriados
Dithmenos
Elyvilon
Fedhas
Gozag
Hepliaklqana
Kikubaaqudgha
Makhleb
Nemelex Xobeh
Okawaru
Qazlal
Ru
Sif Muna
Trog
Uskayaw
Vehumet
Wu Jian
Xom
Yredelemnul
Zin
The Shining One

Shops:
D:4 [   D:6 !

Annotations:
D:6 2 runed doors, necromuncher's ghost, novice CeHu
D:11 Gastronok; Josephine


Innate Abilities, Weirdness & Mutations

You have a beak for a mouth.
You have claws for feet.
You can fly.
You are partially covered in thin metallic scales. (AC +2)


Message History

The troll completely misses you. The orc warrior completely misses you.
The orc priest completely misses you.
You riposte.
You barely miss the orc priest. You claw the orc priest.
The orc priest is moderately wounded.
The troll completely misses you. The troll claws you.
The troll completely misses you.
You hit the orc warrior.
You kill the orc warrior!
Vehumet accepts your kill.
You feel your power returning.
The orc priest invokes the aid of Beogh against you.
Beogh smites you! The troll bites you!
* * * LOW HITPOINT WARNING * * *
The troll barely misses you. The troll completely misses you.
The orc priest invokes the aid of Beogh against you.
Beogh smites you!
* * * LOW HITPOINT WARNING * * *
The orc priest mumbles some strange prayers to Beogh against you.
Pain shoots through your body!
You die...

#########............# ##...
#########............########.<..
.....................).[......[..
####.####.....####...[..........[
#.#.....8.....#...#######.(...
#.#...........#...# #.....
#.................# #.....
#..8....>.o..8..### #.....
##......)..T.@..# ##<...
##...........#.# ##..>
#.....8.....#.# ####
####.....####.# ###........#
##########


You could see a troll and an orc priest.

Vanquished Creatures
  Erica (D:9)
  Nergalle (D:11)
  Pikel (D:4)
  A manticore (D:11)
  Maurice (D:9)
  A troll (D:10)
  5 hippogriffs
  A wyvern (D:11)
  A spriggan (D:7)
  A wraith (D:11)
  Grum (D:11)
  A hungry ghost (D:8)
  2 sky beasts
  A slave (D:4)
  A black bear (D:6)
  3 orc warriors
  An eye of draining (D:10)
  2 phantoms
  3 ice beasts
  5 ogres
  A necrophage (D:8)
  4 wolves (D:11)
  3 centaurs
  A big kobold (D:8)
  5 bullfrogs
  A wyvern zombie (D:6)
  3 scorpions
  3 wights (D:7)
  4 howler monkeys
  2 quasits
  A centaur skeleton (D:6)
  A jelly (D:6)
  2 orc priests
  6 hounds
  4 iguanas
  10 orc wizards
  8 worker ants
  A hound zombie (D:6)
  A hound skeleton (D:5)
  A howler monkey zombie (D:7)
  A worker ant zombie (D:5)
  Robin (D:2)
  14 gnolls
  2 howler monkey skeletons (D:8)
  13 adders
  3 shadow imps
  2 oozes
  An adder skeleton (D:4)
  5 dart slugs
  6 leopard geckos
  25 orcs
  2 ball pythons
  5 bats
  8 giant cockroaches
  11 goblins
  7 hobgoblins
  6 jackals
  3 quokkas
  A frilled lizard (D:2)
  A jackal skeleton (D:8)
  A jackal zombie (D:5)
  11 kobolds
  2 quokka skeletons
  7 rats
234 creatures vanquished.

Vanquished Creatures (collateral kills)
  A gnoll (D:8)
  An orc (D:8)
2 creatures vanquished.

Vanquished Creatures (others)
  A gnoll sergeant (D:8)
  An orc warrior (D:8)
  An adder (D:4)
  A worm (D:4)
4 creatures vanquished.

Grand Total: 240 creatures vanquished

Notes
Turn   | Place    | Note
-------+----------+-------------------------------------------
     0 | D:1      | GrunderHorse the Tengu Monk began the quest for the Orb.
     0 | D:1      | Reached XP level 1. HP: 14/14 MP: 2/2
   352 | D:1      | Reached XP level 2. HP: 16/19 MP: 3/3
   354 | D:1      | Reached skill level 4 in Dodging
   586 | D:1      | Reached XP level 3. HP: 20/23 MP: 4/4
   797 | D:2      | Reached skill level 5 in Dodging
   807 | D:2      | Reached XP level 4. HP: 4/28 MP: 5/5
  1589 | D:2      | Noticed Robin
  1603 | D:2      | Reached skill level 1 in Armour
  1627 | D:2      | Killed Robin
  1627 | D:2      | Gained mutation: You can fly. [Tengu growth]
  1627 | D:2      | Reached XP level 5. HP: 24/32 MP: 6/6
  1818 | D:3      | Found a glowing silver altar of Zin.
  1821 | D:3      | Reached skill level 6 in Dodging
  1892 | D:3      | Found an iron altar of Okawaru.
  2113 | D:3      | Found a shadowy altar of Dithmenos.
  2423 | D:3      | Found a sparkling altar of Nemelex Xobeh.
  2816 | D:4      | Noticed a slave
  2856 | D:4      | Killed a slave
  2997 | D:4      | Noticed Pikel
  2997 | D:4      | Noticed a slave
  3000 | D:4      | Noticed a slave
  3001 | D:4      | Noticed a slave
  3006 | D:4      | Killed Pikel
  3006 | D:4      | Reached skill level 9 in Dodging
  3006 | D:4      | Reached XP level 6. HP: 37/37 MP: 3/7
  3006 | D:4      | Reached XP level 7. HP: 41/41 MP: 3/8
  3469 | D:4      | Found Silox's Antique Armour Shop.
  3475 | D:4      | Bought a glowing scarf for 168 gold pieces
  3637 | D:4      | Found a sacrificial altar of Ru.
  4227 | D:4      | Reached XP level 8. HP: 37/46 MP: 7/9
  4366 | D:5      | Entered Level 5 of the Dungeon
  4413 | D:5      | Reached skill level 10 in Dodging
  5423 | D:6      | Found a staircase to the Ecumenical Temple.
  5429 | D:6      | Reached skill level 11 in Dodging
  5468 | Temple   | Entered the Ecumenical Temple
  5670 | D:6      | Found Foelir's Distillery.
  6094 | D:6      | Found a runed door.
  6095 | D:6      | Noticed necromuncher's ghost (novice CeHu)
  6161 | D:6      | Reached skill level 12 in Dodging
  6168 | D:6      | Reached XP level 9. HP: 43/50 MP: 8/10
  6289 | D:6      | Found a runed door.
  6491 | D:6      | Found a deep blue altar of Sif Muna.
  7115 | D:7      | Reached skill level 13 in Dodging
  7325 | D:7      | Found a shimmering altar of Xom.
  7330 | D:7      | Found an opulent altar of Gozag.
  7692 | D:7      | Found a radiant altar of Vehumet.
  7693 | D:7      | Found a white marble altar of Elyvilon.
  7707 | D:7      | Became a worshipper of Vehumet
  7707 | D:7      | Reached * piety under Vehumet
  7707 | D:7      | Offered knowledge of Magic Dart by Vehumet.
  7707 | D:7      | Reached ** piety under Vehumet
  7710 | D:7      | Learned a level 1 spell: Magic Dart
  7776 | D:7      | Reached skill level 14 in Dodging
  7973 | D:8      | Found a hide-covered altar of Uskayaw.
  8045 | D:8      | Offered knowledge of Sandblast by Vehumet.
  8261 | D:8      | Reached XP level 10. HP: 56/56 MP: 11/11
  8900 | D:8      | Reached skill level 15 in Dodging
  8903 | D:8      | Learned a level 1 spell: Shock
  9015 | D:9      | Reached skill level 1 in Conjurations
  9015 | D:9      | Reached skill level 1 in Air Magic
  9023 | D:9      | Noticed Maurice
  9035 | D:9      | Gained mutation: You are frail. (-10% HP) [potion of mutation]
  9035 | D:9      | Gained mutation: You are partially covered in thin metallic scales. (AC +2) [potion of mutation]
  9035 | D:9      | Lost mutation: You are frail. (-10% HP) [potion of mutation]
  9166 | D:9      | Killed Maurice
  9181 | D:9      | Offered knowledge of Stone Arrow by Vehumet.
  9358 | D:9      | Noticed Erica
  9549 | D:9      | Found a basalt altar of Yredelemnul.
  9549 | D:9      | Found a snail-covered altar of Cheibriados.
  9659 | D:9      | Found a staircase to the Lair.
  9666 | D:9      | Killed Erica
 10245 | D:9      | Reached skill level 5 in Conjurations
 10245 | D:9      | Reached skill level 5 in Air Magic
 10355 | D:10     | Entered Level 10 of the Dungeon
 10704 | D:10     | Reached *** piety under Vehumet
 10711 | D:10     | Found a staircase to the Orcish Mines.
 11192 | D:10     | Offered knowledge of Ignite Poison by Vehumet.
 11467 | D:10     | Reached XP level 11. HP: 36/60 MP: 10/12
 11655 | D:11     | Noticed Nergalle
 11656 | D:11     | Noticed Grum
 11685 | D:11     | Killed Nergalle
 11686 | D:11     | Killed Grum
 11890 | D:11     | Learned a level 5 spell: Lightning Bolt
 11894 | D:11     | Learned a level 3 spell: Ignite Poison
 12089 | D:11     | Noticed Josephine
 12745 | D:11     | Noticed a manticore
 12764 | D:11     | Killed a manticore
 12832 | D:11     | Noticed Gastronok
 12964 | D:10     | Noticed a centaur warrior
 13036 | Orc:1    | Entered Level 1 of the Orcish Mines
 13041 | Orc:1    | Noticed a stone giant
 13053 | D:10     | Killed from afar by an orc priest

Vault maps used:
D:1:      minmay_arrival_widening_spiral_wide
D:2:      uniq_robin
D:3:      overflow_temple_1_default, nicolae_dithmenos_shadow_blocks,
          okawaru_trees_1, first_ration, nemelex_diamond_rough_becter
D:4:      nicolae_ru_awakened_eye, serial_shops, shop_statue,
          hangedman_decor_lopped, uniq_pikel
D:6:      minmay_temple_entry_statues_fountains, serial_shops, shop,
          ebering_ghost_sewer_f, serial_park_tiny_2, led_sif_book
D:7:      old_standard_altar, gammafunk_temple_overflow_pools, the_bakery,
          roderic_cross_of_infinity, nicolae_gozag_seed_capital
D:8:      eat_drink_and_be_merry_uskayaw
D:9:      gammafunk_temple_overflow_statue, lair_entry_dummy, uniq_maurice,
          uniq_erica
D:10:     david_orc_2, grunt_potential
D:11:     gammafunk_ghost_cemetery, st_stairs_3, minmay_item_behind_shaft,
          uniq_snorg, uniq_nergalle, uniq_gastronok, uniq_urug, uniq_josephine,
          uniq_grum
Temple:   minmay_temple_bridge_abc
Orc:1:    basic_altar

Skill      XL: |  1  2  3  4  5  6  7  8  9 10 11 |
---------------+----------------------------------+-----
Dodging        | 4 5 9 12 14 15 | 15.0
Armour         | 1 2 |  2.1
Conjurations   | 7 8 |  8.9
Air Magic      | 7 8 |  8.9
Fighting       | |  3.0
Long Blades    | |  3.2
Stealth        | |  2.0

Action                   |  1- 3 |  4- 6 |  7- 9 | 10-12 || total
-------------------------+-------+-------+-------+-------++-------
Melee: Falchion          |    35 |   125 |   336 |       ||   496
       Kick              |    14 |    37 |   197 |   127 ||   375
       Peck              |     9 |    16 |   124 |    81 ||   230
       Long sword        |       |       |       |   223 ||   223
 Cast: Shock             |       |       |       |    17 ||    17
       Magic Dart        |       |       |       |     4 ||     4
       Lightning Bolt    |       |       |       |     9 ||     9
 Abil: Fly               |       |     2 |     4 |    11 ||    17
Evoke: Wand              |       |       |     9 |    22 ||    31
  Use: Scroll            |       |     3 |       |    18 ||    21
       Potion            |       |     2 |     1 |    11 ||    14
 Stab: Sleeping          |     2 |     4 |    12 |     3 ||    21
       Invisible         |       |       |     6 |       ||     6
       Distracted        |       |       |     1 |     2 ||     3
  Eat: Chunk             |       |     7 |    13 |    16 ||    36
       Ration            |       |       |     1 |     3 ||     4
Armor: Robe              |     3 |       |       |       ||     3
       Acid dragon scale |     5 |    18 |    60 |    48 ||   131
       Skin              |       |    18 |       |       ||    18
Dodge: Dodged            |    34 |    81 |   422 |   445 ||   982
       Rpst.: Falchion   |    10 |    31 |   104 |       ||   145
       Long sword        |       |       |       |   103 ||   103

Table legend:
 A = Non-vault XP
 B = Vault XP
 C = Vault XP percentage of total XP
 D = Non-vault monster count
 E = Vault monster count
 F = Vault count percentage of total count
                 A         B        C        D         E       F
            +---------+---------+-------+---------+---------+-------
      Total |    7441 |    4721 |  38.8 |     195 |      41 |  17.4
            +---------+---------+-------+---------+---------+-------
        D:1 |      39 |       0 |   0.0 |      17 |       0 |   0.0
        D:2 |     103 |      34 |  24.8 |      17 |      11 |  39.3
        D:3 |     111 |       0 |   0.0 |      21 |       0 |   0.0
        D:4 |     326 |     663 |  67.0 |      11 |       1 |   8.3
        D:5 |     426 |       0 |   0.0 |      19 |       0 |   0.0
        D:6 |    1035 |      76 |   6.8 |      21 |       2 |   8.7
        D:7 |    1165 |     205 |  15.0 |      21 |       1 |   4.5
        D:8 |    1346 |       0 |   0.0 |      28 |       0 |   0.0
        D:9 |     655 |    1411 |  68.3 |      16 |       2 |  11.1
       D:10 |    1208 |     612 |  33.6 |      15 |      15 |  50.0
       D:11 |     986 |    1720 |  63.6 |       8 |       9 |  52.9
      Orc:1 |      41 |       0 |   0.0 |       1 |       0 |   0.0
            +---------+---------+-------+---------+---------+-------
